 Dungeon Crawl Stone Soup version 0.31.0-11-ge490571c62 (webtiles) character file.

Game seed: 9670991288492872651

220 qw the Skirmisher (level 5, -15/29 HPs)
             Began as a Deep Elf Hunter on Feb 5, 2024.
             Demolished by Duvessa
             ... wielding a +0 short sword
              (17 damage)
             ... on level 4 of the Dungeon.
             The game lasted 00:00:41 (3349 turns).

qw the Skirmisher (Deep Elf Hunter)                 Turns: 3349, Time: 00:00:42

Health: -15/29     AC:  9    Str: 10    XL:     5   Next: 64%
Magic:  7/7        EV: 12    Int: 14    God:
Gold:   197        SH:  0    Dex: 18    Spells: 4/4 levels left

rFire   . . .        a - +2 shortbow
rCold   + . .        (shield currently unavailable)
rNeg    . . .        c - +0 leather armour of Gehenna {SInv}
rPois   .            f - +2 helmet
rElec   .            n - +0 cloak
rCorr   .            (no gloves)
SInv    +            e - +1 pair of boots
Will    +....        (no amulet)
Stlth   ++           l - ring of willpower
HPRegen 0.24/turn    h - ring of protection from cold
MPRegen 0.10/turn

%: no passive effects
@: no status effects
A: no striking features
a: no special abilities


You were on level 4 of the Dungeon.
You visited 1 branch of the dungeon, and saw 4 of its levels.

You collected 197 gold pieces.


   Skills:
 - Level 1.5 Fighting
 - Level 9.2 Ranged Weapons
 + Level 2.5 Dodging
 - Level 1.2 Stealth


You had 4 spell levels left.
You didn't know any spells.
Your spell library was empty.

Inventory:

Hand Weapons
 a - a +2 shortbow (weapon)
Armour
 c - the +0 leather armour of Gehenna (worn) {SInv}
   (You found it on level 2 of the Dungeon)

   SInv:      It lets you see invisible.
 d - a +0 ring mail
 e - a +1 pair of boots (worn)
 f - a +2 helmet (worn)
 n - a +0 cloak (worn)
Jewellery
 g - a ring of see invisible
 h - a ring of protection from cold (right hand)
 l - a ring of willpower (left hand)
Potions
 b - 3 potions of curing
 i - a potion of resistance {unknown}

Dungeon Overview and Level Annotations

Branches:
Dungeon (4/15)
 Temple: D:4-7

Altars:
Ashenzari

Shops:
D:4 (

Annotations:
D:4 Duvessa


Message History

Duvessa hits you with a +0 short sword. Duvessa closely misses you.
3337 ||| ZAPPING wand of paralysis (1) at 0,1 (Duvessa; floor).
Aiming: Paralyse
Press: ? - help, Q - select action, (/) - cycle Shift-Dir - straight line, f/p - Duvessa Duvessa easily resists.
The now-empty wand crumbles to dust.
Duvessa closely misses you.
You shoot an arrow.
The arrow hits Duvessa but does no damage.
Duvessa barely misses you.
You shoot an arrow. The arrow hits Duvessa.
Duvessa is lightly wounded.
Duvessa hits you but does no damage. Duvessa hits you with a +0 short sword.
You shoot an arrow. The arrow barely misses Duvessa.
Duvessa closely misses you.
You shoot an arrow.
The arrow hits Duvessa but does no damage.
Duvessa hits you with a +0 short sword. Duvessa barely misses you.
You shoot an arrow. The arrow hits Duvessa!
Duvessa is lightly wounded.
Duvessa closely misses you.
You shoot an arrow. The arrow barely misses Duvessa.
Duvessa barely misses you. Duvessa misses you.
You shoot an arrow. The arrow barely misses Duvessa.
Duvessa closely misses you.
You shoot an arrow. The arrow hits Duvessa.
Duvessa is lightly wounded.
Duvessa barely misses you. Duvessa hits you with a +0 short sword.
You shoot an arrow. The arrow closely misses Duvessa.
Duvessa hits you but does no damage.
You shoot an arrow. The arrow hits Duvessa.
Duvessa is moderately wounded.
Duvessa hits you with a +0 short sword.
You shoot an arrow. The arrow hits Duvessa.
Duvessa is moderately wounded.
Duvessa hits you but does no damage. Duvessa hits you with a +0 short sword!
You shoot an arrow. The arrow hits Duvessa.
Duvessa is heavily wounded.
Duvessa hits you with a +0 short sword!
Ouch! That really hurt!
You die...

#....#..######..# #....
.....#..######..# #######....
.....#..........#######.....#....
.....#................#.....'....
.....#.##.####..##....#.....#....
...###.##.####..##....#.....#....
...#.........#..##...##.....#....
..%+.........#..##...##.....#....
...#.........#..@#...##.....#....
...#.........#..e#..........#....
...'...##..###..##..........'....
...#...###'####'##..........#....
...#...#....................#....
...#...#........#######.#####....
...#...##..##...##..###+# #..(.
...#...##..##...#.....[.# #....
...#............'.......# #....


You could see Duvessa (berserk).

Vanquished Creatures
  Dowan (D:4)
  A hound (D:4)
  Robin (D:4)
  5 adders
  A ribbon worm (D:2)
  A dart slug (D:1)
  4 orcs (D:3)
  3 bats
  11 endoplasms
  14 goblins
  9 hobgoblins
  5 quokkas
  4 ball pythons
  2 frilled lizards
  4 kobolds
  9 rats
75 creatures vanquished.

Notes
Turn   | Place    | Note
-------+----------+-------------------------------------------
     0 | D:1      | qw the Deep Elf Hunter began the quest for the Orb.
     0 | D:1      | Reached XP level 1. HP: 12/12 MP: 3/3
     0 | D:1      | 0 ||| qw: Version: 0.3-a-160-g6735b56
     0 | D:1      | 0 ||| qw: Game counter: 6191
     0 | D:1      | 0 ||| qw: Melee chars always use a shield: true
     0 | D:1      | 0 ||| qw: God list: Okawaru
     0 | D:1      | 0 ||| qw: Allow faded altars: false
     0 | D:1      | 0 ||| qw: Do Orc after clearing Dungeon:15 true
     0 | D:1      | 0 ||| qw: Do second Lair branch before Depths: true
     0 | D:1      | 0 ||| qw: Lair rune preference: random
     0 | D:1      | 0 ||| qw: Goals: Normal
     0 | D:1      | 0 ||| PLANNING D:1-11
    97 | D:1      | Reached skill level 6 in Ranged Weapons
    97 | D:1      | Reached XP level 2. HP: 16/16 MP: 4/4
   320 | D:1      | Found a faded altar of an unknown god.
   321 | D:1      | You fall into a shaft and drop 1 floor!
   334 | D:2      | 334 ||| UPGRADING to +0 ring mail.
   344 | D:2      | 344 ||| DROPPING +0 leather armour.
   345 | D:2      | 345 ||| READING scroll labelled AWURASHRI YZXOU.
   345 | D:2      | 345 ||| ENCHANTING +0 shortbow.
   346 | D:2      | 346 ||| DROPPING scroll of butterflies.
   539 | D:2      | Reached XP level 3. HP: 20/20 MP: 5/5
   563 | D:2      | Identified the +0 leather armour of Gehenna {SInv}
   643 | D:2      | Found a broken altar of Ashenzari.
   684 | D:2      | Reached skill level 7 in Ranged Weapons
   864 | D:2      | 864 ||| READING scroll of enchant weapon.
   864 | D:2      | 864 ||| ENCHANTING +1 shortbow.
   950 | D:2      | Reached XP level 4. HP: 25/25 MP: 6/6
  1213 | D:2      | 1213 ||| UPGRADING to +0 leather armour of Gehenna {SInv}.
  1223 | D:2      | 1223 ||| READING scroll labelled VYMPAX ZUNA.
  1224 | D:2      | 1224 ||| READING scroll labelled ISHEIS TIOMOHUYT.
  1225 | D:2      | 1225 ||| READING 2 scrolls labelled RIYBAWAJEKH.
  1225 | D:2      | 1225 ||| IDENTIFYING fuming ruby potion
  1226 | D:2      | 1226 ||| READING scroll of identify.
  1226 | D:2      | 1226 ||| IDENTIFYING silvery potion
  1227 | D:2      | 1227 ||| DRINKING 2 bubbling puce potions.
  1228 | D:2      | 1228 ||| DROPPING potion of degeneration.
  1230 | D:2      | 1230 ||| Stepping ~*~*~tactically~*~*~ (cloud).
  1238 | D:2      | HP: 6/25 [poisoned by you (poison gas)]
  1244 | D:2      | HP: 3/25 [poisoned by you (poison gas)]
  1843 | D:3      | Identified the +0 leather armour of the Red Skies {rN++
                  | Dex-2}
  1990 | D:3      | Reached skill level 8 in Ranged Weapons
  2410 | D:3      | 2410 ||| UPGRADING to +0 pair of boots.
  2415 | D:3      | 2415 ||| DROPPING +0 leather armour of the Red Skies {rN++
                  | Dex-2}.
  2416 | D:3      | 2416 ||| UPGRADING to +0 cloak.
  2421 | D:3      | 2421 ||| UPGRADING to ring of willpower.
  2422 | D:3      | 2422 ||| READING 4 scrolls of identify.
  2422 | D:3      | 2422 ||| IDENTIFYING scroll labelled WOTIFE JUWI
  2423 | D:3      | 2423 ||| READING scroll of enchant armour.
  2423 | D:3      | 2423 ||| ENCHANTING +0 pair of boots.
  2424 | D:3      | 2424 ||| READING 3 scrolls of identify.
  2424 | D:3      | 2424 ||| IDENTIFYING scroll labelled MONIYSTOBIK
  2425 | D:3      | 2425 ||| READING 2 scrolls of identify.
  2425 | D:3      | 2425 ||| IDENTIFYING scroll labelled JOCUOG TELA
  2426 | D:3      | 2426 ||| DROPPING scroll of blinking.
  2427 | D:3      | 2427 ||| DROPPING scroll of revelation.
  2611 | D:4      | Noticed Robin
  2628 | D:4      | Killed Robin
  2629 | D:4      | Reached XP level 5. HP: 20/29 MP: 7/7
  2876 | D:4      | Noticed Dowan
  2878 | D:4      | 2878 ||| FLEEEEING.
  2881 | D:4      | 2881 ||| FLEEEEING.
  2886 | D:4      | Killed Dowan
  2887 | D:4      | Reached skill level 9 in Ranged Weapons
  2887 | D:4      | Noticed Duvessa
  2888 | D:4      | 2888 ||| FLEEEEING.
  2891 | D:4      | 2891 ||| FLEEEEING.
  2892 | D:4      | 2892 ||| FLEEEEING.
  2893 | D:4      | 2893 ||| FLEEEEING.
  2894 | D:4      | 2894 ||| FLEEEEING.
  2895 | D:4      | 2895 ||| FLEEEEING.
  2896 | D:4      | 2896 ||| FLEEEEING.
  2897 | D:4      | 2897 ||| FLEEEEING.
  2898 | D:4      | 2898 ||| FLEEEEING.
  2899 | D:4      | 2899 ||| DRINKING potion of haste.
  2900 | D:4      | 2900 ||| ZAPPING wand of paralysis (10) at -1,1 (Duvessa;
                  | floor).
  2901 | D:4      | 2901 ||| FLEEEEING.
  2902 | D:4      | 2902 ||| FLEEEEING.
  2903 | D:4      | 2903 ||| FLEEEEING.
  2904 | D:4      | 2904 ||| FLEEEEING.
  2905 | D:4      | 2905 ||| FLEEEEING.
  2906 | D:4      | 2906 ||| FLEEEEING.
  2907 | D:4      | 2907 ||| FLEEEEING.
  2917 | D:4      | 2917 ||| FLEEEEING.
  2918 | D:4      | 2918 ||| FLEEEEING.
  2919 | D:4      | 2919 ||| FLEEEEING.
  2922 | D:4      | 2922 ||| FLEEEEING.
  2924 | D:4      | 2924 ||| FLEEEEING.
  2925 | D:4      | 2925 ||| FLEEEEING.
  2929 | D:4      | 2929 ||| ZAPPING wand of paralysis (9) at 1,1 (Duvessa;
                  | open_door).
  2930 | D:4      | 2930 ||| FLEEEEING.
  2931 | D:4      | 2931 ||| FLEEEEING.
  2932 | D:4      | 2932 ||| STAIRDANCE
  2970 | D:3      | 2970 ||| UPGRADING to +2 helmet.
  2975 | D:3      | 2975 ||| READING scroll of identify.
  2975 | D:3      | 2975 ||| IDENTIFYING murky ruby potion
  2976 | D:3      | 2976 ||| READING scroll labelled VYK VUOZUESALL.
  2977 | D:3      | 2977 ||| DROPPING potion of brilliance.
  2978 | D:3      | 2978 ||| Standing still (stuck).
  2981 | D:4      | 2981 ||| ZAPPING wand of paralysis (8) at 0,1 (Duvessa;
                  | floor).
  2982 | D:4      | 2982 ||| STAIRDANCE
  3090 | D:4      | Found Fefeajof's Weapon Shop.
  3098 | D:4      | 3098 ||| SHOPLISTING +3 orcbow of electrocution (359 gold,
                  | have 174).
  3288 | D:4      | 3288 ||| ZAPPING wand of paralysis (7) at -1,2 (Duvessa;
                  | floor).
  3289 | D:4      | 3289 ||| ZAPPING wand of paralysis (6) at -1,1 (Duvessa;
                  | floor).
  3290 | D:4      | 3290 ||| ZAPPING wand of paralysis (5) at -1,1 (Duvessa;
                  | floor).
  3291 | D:4      | 3291 ||| FLEEEEING.
  3292 | D:4      | 3292 ||| FLEEEEING.
  3293 | D:4      | 3293 ||| FLEEEEING.
  3294 | D:4      | 3294 ||| FLEEEEING.
  3295 | D:4      | 3295 ||| STAIRDANCE
  3330 | D:3      | 3330 ||| UPGRADING to ring of protection from cold.
  3331 | D:3      | 3331 ||| READING scroll labelled GEYSCH XEFOMM.
  3334 | D:4      | 3334 ||| ZAPPING wand of paralysis (4) at -1,3 (Duvessa;
                  | open_door).
  3335 | D:4      | 3335 ||| ZAPPING wand of paralysis (3) at 0,1 (Duvessa;
                  | floor).
  3336 | D:4      | 3336 ||| ZAPPING wand of paralysis (2) at 0,1 (Duvessa;
                  | floor).
  3337 | D:4      | 3337 ||| ZAPPING wand of paralysis (1) at 0,1 (Duvessa;
                  | floor).
  3348 | D:4      | HP: 2/29 [Duvessa/+0 short sword (11)]
  3349 | D:4      | Demolished by Duvessa

Levels and vault maps discovered:
D:1:      eino_arrival_water_star, layout_rooms, basic_ecumenical_altar,
          st_stairs_10
D:2:      layout_loops_ring, basic_altar
D:3:      layout_basic, serial_co_window_serial, co_window_cross_1,
          co_window_of_opportunity_a, co_window_paths_a, co_window_paths_a,
          co_window_of_opportunity_a, co_window_2corner,
          co_window_of_opportunity_b, co_window_corner_cb,
          co_window_unsneaky_path_a, co_window_sun, co_window_4corner_b,
          glass_columns_a, glass_columns_a
D:4:      layout_gridville, serial_shops, shop, uniq_duvessa, uniq_robin

Skill      XL: |  1  2  3  4  5 |
---------------+----------------+-----
Ranged Weapons | 6 7 8 9 |  9.2
Fighting       | |  1.5
Dodging        | |  2.5
Stealth        | |  1.2

Action                     |  1- 3 |  4- 6 || total
---------------------------+-------+-------++-------
   Fire: Shortbow          |    97 |   112 ||   209
  Evoke: Wand              |       |    10 ||    10
    Use: Scroll            |     2 |    11 ||    13
         Potion            |       |     2 ||     2
 Armour: Leather armour    |     1 |    35 ||    36
         Ring mail         |    10 |       ||    10
  Dodge: Dodged            |    15 |    26 ||    41

Table legend:
 A = Non-vault XP
 B = Vault XP
 C = Vault XP percentage of total XP
 D = Non-vault monster count
 E = Vault monster count
 F = Vault count percentage of total count
                 A         B        C        D         E       F
            +---------+---------+-------+---------+---------+-------
      Total |     210 |     105 |  33.3 |      60 |      15 |  20.0
            +---------+---------+-------+---------+---------+-------
        D:1 |      32 |       4 |  11.1 |      18 |       3 |  14.3
        D:2 |      62 |       0 |   0.0 |      14 |       0 |   0.0
        D:3 |      59 |       0 |   0.0 |      19 |       0 |   0.0
        D:4 |      57 |     101 |  63.9 |       9 |      12 |  57.1
            +---------+---------+-------+---------+---------+-------
